[Event "Rapid Tournament (RAP)"]
[Site "Biel, Switzerland"]
[Date "2026.07.12"]
[Round "1.1"]
[White "Amonatov, Farrukh"]
[Black "Rohde, Bernhard"]
[Result "1-0"]
[TimeControl "15 + 5"]
[WhiteTitle "-"]
[BlackTitle "-"]
[WhiteFideId "14700077"]
[BlackFideId "1323016"]
[WhiteElo "2593"]
[BlackElo "1834"]

1. e4 e6 2. d4 d5 3.
Nc3 Bb4 4. e5 c5 5. a3 cxd4 6. axb4 dxc3 7. bxc3 Nc6 8. Nf3 Nge7 9. b5 Nb8 10. Bd3 Qc7 11. O-O Ng6 12. Re1 Nd7 13.
Qe2 O-O 14. h4 Nc5 15. h5 Nxd3 16. cxd3 Ne7 17. h6 g6 18. Ba3 Re8 19. Qd2 Bd7 20. Qg5 Nf5 21. g4 Nxh6 22. Qxh6 Bxb5 23.
Ng5 f5 24. exf6 1-0

[Event "Rapid Tournament (RAP)"]
[Site "Biel, Switzerland"]
[Date "2026.07.12"]
[Round "1.2"]
[White "Duric, Ivan"]
[Black "Kozak, Adam"]
[Result "0-1"]
[TimeControl "15 + 5"]
[WhiteTitle "-"]
[BlackTitle "-"]
[WhiteFideId "1358138"]
[BlackFideId "753246"]
[WhiteElo "1832"]
[BlackElo "2592"]

1. d4 Nf6 2. c4 e6 3. Nc3 d5 4. Bg5 Nbd7 5. Nf3 c6 6. e3 Qa5 7. Bd3 Ne4 8. Qc2 Nxg5 9. Nxg5 dxc4 10.
Bxc4 Qxg5 11. f4 Qa5 12. O-O g6 13. Ne4 Be7 14. Ng3 Nb6 15. Bd3 Nd5 16. Rae1 O-O 17. e4 Nb4 18. Qd2 Qb6 19.
Bb1 Rd8 20. Rd1 Rxd4 21. Qxd4 Bc5 0-1

[Event "Rapid Tournament (RAP)"]
[Site "Biel, Switzerland"]
[Date "2026.07.12"]
[Round "1.3"]
[White "Bu, Xiangzhi"]
[Black "Gaier, Walter"]
[Result "1-0"]
[TimeControl "15 + 5"]
[WhiteTitle "-"]
[BlackTitle "-"]
[WhiteFideId "8601445"]
[BlackFideId "1310186"]
[WhiteElo "2583"]
[BlackElo "1832"]

1. Nf3 Nf6 2. c4 c5 3. Nc3 Nc6 4. g3 g6 5. Bg2 Bg7 6. d4 cxd4 7. Nxd4 O-O 8. O-O Qb6 9. Nc2 d6 10.
b3 Bg4 11. h3 Bd7 12. e4 Qa5 13. Nd5 Rac8 14. Bd2 Qd8 15. Rc1 e6 16. Nc3 Qc7 17. Bf4 Ne5 18. Qd2 Rcd8 19. Rfd1 Bc6 20.
Bg5 Rfe8 21. Qf4 Qe7 22. c5 h6 23. Bxf6 Qxf6 24. cxd6 Rd7 25. Qxf6 Bxf6 26. Ne3 g5 27. f4 gxf4 28.
gxf4 Ng6 29. e5 Bxg2 30. Nxg2 Bh4 31. Nxh4 Nxh4 32. Ne4 1-0

[Event "Rapid Tournament (RAP)"]
[Site "Biel, Switzerland"]
[Date "2026.07.12"]
[Round "1.4"]
[White "Di Meo, Quentin"]
[Black "Ganguly, Surya Shekhar"]
[Result "0-1"]
[TimeControl "15 + 5"]
[WhiteTitle "-"]
[BlackTitle "-"]
[WhiteFideId "1338498"]
[BlackFideId "5002150"]
[WhiteElo "1828"]
[BlackElo "2545"]

1. c4 e5 2. Nc3 Nf6 3. g3 d5 4. cxd5 Nxd5 5. Bg2 Nb6 6. Nf3 Nc6 7. O-O Be7 8. d3 O-O 9. Bd2 Be6 10.
Rc1 f5 11. Ne1 Qd7 12. Na4 Bxa2 13. Nc5 Bxc5 14. Rxc5 Qd6 15. Rc1 Nd4 16. e3 Bb3 17. Qh5 g6 18. Qh4 Ne2+ 19. Kh1 Nxc1 20.
Bxc1 Bd5 21. Bd2 Bxg2+ 22. Kxg2 e4 23. Bc3 Nd5 24. dxe4 Nxc3 25. bxc3 Qc6 26. Kg1 Qxe4 27. Qh6 a5 28.
Ng2 Qe5 29. h4 a4 30. h5 Qg7 31. Qg5 h6 32. Qxg6 Qxg6 33. hxg6 a3 34. Nf4 a2 35. Ra1 Rfd8 36. Kf1 Rd2 0-1

[Event "Rapid Tournament (RAP)"]
[Site "Biel, Switzerland"]
[Date "2026.07.12"]
[Round "1.6"]
[White "Yang, Sung-Jui"]
[Black "Alexakis, Dimitris"]
[Result "0-1"]
[TimeControl "15 + 5"]
[WhiteTitle "-"]
[BlackTitle "-"]
[WhiteFideId "16301048"]
[BlackFideId "4277023"]
[WhiteElo "1825"]
[BlackElo "2518"]

1. e4 c5 2. Nc3 e6 3. f4 d5 4. Bb5+ Bd7 5. Bxd7+ Qxd7 6. d3 Nc6 7. Nf3 O-O-O 8. O-O h5 9.
a3 Nf6 10. Ng5 h4 11. e5 Ng8 12. Qf3 f6 13. exf6 gxf6 14. Nh3 Nge7 15. Ne2 Nf5 16. c3 c4 17. d4 Be7 18. Be3 Rdg8 19.
Rab1 Rh7 20. b3 cxb3 21. Rxb3 Na5 22. Rbb1 Rhg7 23. Rf2 Nc4 24. Bc1 Nfd6 25. g3 Ne4 26. Rg2 Ned2 27. Bxd2 Nxd2 28.
Qd3 Nxb1 29. Qxb1 e5 30. Nf2 hxg3 31. hxg3 exf4 32. Nxf4 Rxg3 33. Kh2 Bd6 34. Qd3 Rxg2+ 0-1

[Event "Rapid Tournament (RAP)"]
[Site "Biel, Switzerland"]
[Date "2026.07.12"]
[Round "1.7"]
[White "Aronyak, Ghosh"]
[Black "Brixius, Dirk"]
[Result "1-0"]
[TimeControl "15 + 5"]
[WhiteTitle "-"]
[BlackTitle "-"]
[WhiteFideId "25072846"]
[BlackFideId "12909734"]
[WhiteElo "2482"]
[BlackElo "1821"]

1. Nf3 c6 2. d4 d5 3. Bf4 Nf6 4. e3 Nh5 5. Bg5 h6 6. Bh4 Nd7 7. Nfd2 Nhf6 8. c4 e6 9. Nc3 Be7 10.
Bg3 O-O 11. Be2 Re8 12. O-O dxc4 13. Nxc4 Nb6 14. Ne5 Nbd5 15. Qc2 Nxc3 16. bxc3 Bd6 17. Rfd1 Qe7 18. a4 Bd7 19. Bh4 g5 20.
Bg3 Rac8 21. e4 c5 22. Nxd7 Nxd7 23. e5 Bb8 24. Qe4 Nb6 25. Bd3 f5 26. exf6 Qxf6 27. Re1 cxd4 28. cxd4 Nd5 29.
Bxb8 Rxb8 30. Ra3 Re7 31. Bc4 Rf8 32. Rf3 Nf4 33. g3 Nh3+ 34. Kg2 Qxf3+ 35. Qxf3 Rxf3 36. Kxf3 g4+ 37. Kxg4 Nxf2+ 38. Kh5 Kg7 39. Re2 Nd1 40. Rxe6 Rxe6 41. Bxe6 Nc3 42. Bb3 Ne4 43.
Kg4 Kf6 44. Kf4 Nd6 45. g4 a6 46. a5 Nc8 47. Bc4 Nd6 48. Bd5 Nb5 49. Ke3 Nd6 50. h4 Ke7 51. Kf4 Kf6 52. g5+ hxg5+ 53. hxg5+ Kg6 54. Ke5 Nf7+ 55. Bxf7+ Kxf7 56. d5 1-0

[Event "Rapid Tournament (RAP)"]
[Site "Biel, Switzerland"]
[Date "2026.07.12"]
[Round "1.8"]
[White "Moesching, Colin"]
[Black "Ghosh, Diptayan"]
[Result "0-1"]
[TimeControl "15 + 5"]
[WhiteTitle "-"]
[BlackTitle "-"]
[WhiteFideId "1345036"]
[BlackFideId "5045207"]
[WhiteElo "1820"]
[BlackElo "2480"]

1. d4 Nf6 2. Nf3 d5 3. g3 c5 4. Bg2 cxd4 5. O-O h6 6. h3 e6 7. Bf4 Be7 8. Nxd4 O-O 9. c4 Nbd7 10.
Nf3 dxc4 11. Qc2 Nd5 12. Bd2 b5 13. a4 b4 14. e4 N5f6 15. Qxc4 Nc5 16. Qd4 Ba6 17. Bxb4 Bxf1 18. Kxf1 Qb6 19.
Qc4 Ncxe4 20. Be1 Qxb2 21. Qd4 Qxd4 22. Nxd4 Rac8 23. Na3 a6 24. Nac2 Rfd8 25. f3 Nc5 26. Ne2 Nd5 27. Bf2 Nd3 28.
Ncd4 Nxf2 29. Kxf2 Bc5 30. f4 Nb4 0-1

[Event "Rapid Tournament (RAP)"]
[Site "Biel, Switzerland"]
[Date "2026.07.12"]
[Round "1.9"]
[White "Acs, Peter"]
[Black "Schaller, Didier"]
[Result "1-0"]
[TimeControl "15 + 5"]
[WhiteTitle "-"]
[BlackTitle "-"]
[WhiteFideId "708020"]
[BlackFideId "1314351"]
[WhiteElo "2474"]
[BlackElo "1816"]

1. e4 c6 2. d4 d5 3. e5 Bf5 4. h4 h6 5. Bd3 Bxd3 6. Qxd3 e6 7. h5 Qa5+ 8. c3 Qa6 9. Qf3 Nd7 10.
Ne2 c5 11. O-O Ne7 12. Bf4 Nc6 13. Nd2 Be7 14. Qg4 Kf8 15. a3 Qd3 16. Be3 Qf5 17. Qxf5 exf5 18. b4 cxd4 19. cxd4 a6 20. Nb3 g6 21. hxg6 fxg6 22.
Nf4 Kg7 23. Nxd5 Bg5 24. f4 1-0

[Event "Rapid Tournament (RAP)"]
[Site "Biel, Switzerland"]
[Date "2026.07.12"]
[Round "1.10"]
[White "Klopfenstein, Francois"]
[Black "Gopal, G.N."]
[Result "0-1"]
[TimeControl "15 + 5"]
[WhiteTitle "-"]
[BlackTitle "-"]
[WhiteFideId "1303040"]
[BlackFideId "5015693"]
[WhiteElo "1815"]
[BlackElo "2471"]

1. e4 c5 2. Nc3 d6 3. f4 g6 4. Nf3 Bg7 5. a3 Nc6 6. Bc4 e6 7. Ba2 Nge7 8. O-O O-O 9. d3 d5 10. Ne2 b6 11. Ng3 dxe4 12.
dxe4 Ba6 13. Re1 Qc7 14. c3 Rad8 15. Qa4 Bd3 16. Bc4 Na5 17. Bxd3 Rxd3 18. Be3 Rfd8 19. Rad1 b5 20. Qc2 Rxd1 21. Rxd1 Rxd1+ 22. Qxd1 Nc4 23.
Bc1 a5 24. Qd3 a4 25. f5 exf5 26. exf5 Qd6 27. Qxd6 Nxd6 28. fxg6 hxg6 29. Be3 Nc4 30. Bxc5 Nd5 31. Nd4 Bxd4+ 32. cxd4 Nxb2 33. Ne4 Nc4 34. Nd6 Nxd6 35. Bxd6 b4 36. Bxb4 Nxb4 0-1

[Event "Rapid Tournament (RAP)"]
[Site "Biel, Switzerland"]
[Date "2026.07.12"]
[Round "1.11"]
[White "Arjun, Kalyan"]
[Black "Koehler, Noe"]
[Result "1-0"]
[TimeControl "15 + 5"]
[WhiteTitle "-"]
[BlackTitle "-"]
[WhiteFideId "35018701"]
[BlackFideId "1362488"]
[WhiteElo "2390"]
[BlackElo "1814"]

1. e4 c5 2. Nf3 e6 3. d4 cxd4 4. Nxd4 a6 5. Bd3 Qc7 6. O-O Nf6 7. Qe2 Nc6 8. Nxc6 dxc6 9. e5 Nd5 10.
c4 Nb4 11. Bf4 Nxd3 12. Qxd3 Be7 13. Nc3 O-O 14. Ne4 c5 15. Qg3 Rd8 16. Rad1 b6 17. Nf6+ Kh8 18. Qh4 1-0

[Event "Rapid Tournament (RAP)"]
[Site "Biel, Switzerland"]
[Date "2026.07.12"]
[Round "1.12"]
[White "Groux, Mathias"]
[Black "Gloeckler, Christian"]
[Result "0-1"]
[TimeControl "15 + 5"]
[WhiteTitle "-"]
[BlackTitle "-"]
[WhiteFideId "1360752"]
[BlackFideId "34608966"]
[WhiteElo "1813"]
[BlackElo "2332"]

1. e4 c5 2. c3 e5 3. Nf3 Nc6 4. d4 cxd4 5. cxd4 exd4 6. Nxd4 Nf6 7. Nc3 Bb4 8. Nxc6 dxc6 9. Qxd8+ Kxd8 10.
Bg5 Re8 11. O-O-O+ Bd7 12. Bxf6+ gxf6 13. Bc4 Re7 14. Rd3 Kc7 15.
Rhd1 a5 16. Ne2 b5 17. Bb3 a4 18. Bc2 Be6 19. Kb1 Bc4 20. Re3 Bc5 21. Nd4 Rd7 22. Nxb5+ cxb5 23. Rf3 Rxd1+ 24. Bxd1 Bd4 25.
Rh3 Re8 26. Rxh7 Rxe4 27. Kc2 Bxa2 28. Bh5 Re7 29. Kd3 Bb1+ 0-1

[Event "Rapid Tournament (RAP)"]
[Site "Biel, Switzerland"]
[Date "2026.07.12"]
[Round "1.13"]
[White "Savitha, Shri B"]
[Black "Fortier, Nicolas"]
[Result "1-0"]
[TimeControl "15 + 5"]
[WhiteTitle "-"]
[BlackTitle "-"]
[WhiteFideId "35061887"]
[BlackFideId "1308750"]
[WhiteElo "2317"]
[BlackElo "1810"]

1. e4 e5 2. Nf3 Nc6 3. Bb5 a6 4. Ba4 Nf6 5. Nc3 b5 6. Bb3 Be7 7. d3 O-O 8. O-O d6 9. a4 b4 10.
Nd5 Nxd5 11. Bxd5 Bd7 12. d4 Rb8 13.
dxe5 Nxe5 14. Nxe5 dxe5 15. Be3 c6 16. Bc4 a5 17. Qh5 Qc7 18. Rad1 Rbd8 19. Kh1 Kh8 20. Bxf7 Be8 21. Rxd8 Bxd8 22. Bxe8 1-0

[Event "Rapid Tournament (RAP)"]
[Site "Biel, Switzerland"]
[Date "2026.07.12"]
[Round "1.14"]
[White "Papageorgiou Martinella, Ilios"]
[Black "Maier, Christian"]
[Result "0-1"]
[TimeControl "15 + 5"]
[WhiteTitle "-"]
[BlackTitle "-"]
[WhiteFideId "1368494"]
[BlackFideId "4601955"]
[WhiteElo "1809"]
[BlackElo "2314"]

1. d4 Nf6 2. c4 e6 3. Nc3 Bb4 4. f3 d5 5. a3 Be7 6. e4 dxc4 7. Bxc4 c5 8. Nge2 Nc6 9. d5 exd5 10. Nxd5 Nxd5 11. Bxd5 O-O 12.
O-O Qb6 13. Qb3 Qxb3 14. Bxb3 Bf6 15. Bd5 Ne7 16. Nc3 Bd4+ 17. Kh1 Nxd5 18. Nxd5 Be6 19. Nc7 Rac8 20. Nxe6 fxe6 21. Rb1 e5 22.
Bd2 b5 23. Bc3 Rfd8 24. Rbd1 Kf7 25. f4 Bxc3 26. bxc3 exf4 27. Rf2 f3 28. Rxf3+ Ke6 29. Rf4 Rc7 30. Rdf1 Rd3 31. g3 Rcd7 32. R1f3 Rxf3 33. Kg2 Rd6 34. Rxf3 Rd2+ 35. Rf2 Rxf2+ 36. Kxf2 Ke5 37. Ke3 a5 38. Kd3 b4 39. cxb4 cxb4 40. axb4 axb4 41. Kc4 Kxe4 42. Kxb4 Kf3 43. Kc5 Kg2 44. g4 Kxh2 45. Kd6 Kg3 46.
g5 Kg4 47. Ke6 Kxg5 48. Kf7 h5 0-1

[Event "Rapid Tournament (RAP)"]
[Site "Biel, Switzerland"]
[Date "2026.07.12"]
[Round "1.15"]
[White "Lu, Miaoyi"]
[Black "Arocha, Carlos"]
[Result "1-0"]
[TimeControl "15 + 5"]
[WhiteTitle "-"]
[BlackTitle "-"]
[WhiteFideId "8618020"]
[BlackFideId "1311590"]
[WhiteElo "2309"]
[BlackElo "1807"]

1. e4 g6 2. d4 Bg7 3. Nf3 d6 4.
Bd3 Nf6 5. O-O O-O 6. Re1 Nbd7 7. e5 Nd5 8. e6 fxe6 9. Ng5 N7f6 10. Qe2 e5 11. Bc4 c6 12. dxe5 dxe5 13. Nc3 e6 14.
Nce4 Qe7 15. Bb3 h6 16. Nf3 b5 17.
Nxe5 Kh7 18. c3 Qc7 19. Nc5 Qd6 20. Ncd3 Nd7 21. Bc2 Nxe5 22. Nxe5 Bxe5 23. Qxe5 Qxe5 24. Rxe5 Bd7 25. Be3 a5 26.
Rd1 Rf6 27. h4 Kg7 28. Bd4 Rf7 29. Rxd5+ Kg8 30. Rd6 Rb8 31. Bxg6 1-0

[Event "Rapid Tournament (RAP)"]
[Site "Biel, Switzerland"]
[Date "2026.07.12"]
[Round "1.16"]
[White "Mueller, Ladina"]
[Black "Cherniaev, Alexander"]
[Result "0-1"]
[TimeControl "15 + 5"]
[WhiteTitle "-"]
[BlackTitle "-"]
[WhiteFideId "1351907"]
[BlackFideId "4117301"]
[WhiteElo "1807"]
[BlackElo "2299"]

1. c4 b6 2. Nc3 Bb7 3. Nf3 e6 4. g3 Bb4 5. Qc2 c5 6. Bg2 Nc6 7. e3 Ne5 8. Nxe5 Bxg2 9. Rg1 Bb7 10.
b3 d6 11. Nd3 Bxc3 12. Qxc3 Qf6 13. Bb2 Qxc3 14. Bxc3 e5 15. f4 f6 16. O-O-O h5 17. Nf2 Nh6 18. d4 Bf3 19. Rd2 e4 20.
Re1 Nf5 21. d5 Kf7 22. a4 Rab8 23. Ra2 a6 24. Nd1 h4 25. gxh4 Rxh4 26. Rf2 Rbh8 27. Rxf3 exf3 28. Rf1 Rxh2 29.
Rxf3 Re2 30. Rf1 Rhh2 31. Ba1 Nxe3 32. Nxe3 Rxe3 0-1

[Event "Rapid Tournament (RAP)"]
[Site "Biel, Switzerland"]
[Date "2026.07.12"]
[Round "1.17"]
[White "Balabayeva, Xeniya"]
[Black "Alrefae, Ahmad"]
[Result "1-0"]
[TimeControl "15 + 5"]
[WhiteTitle "-"]
[BlackTitle "-"]
[WhiteFideId "13719688"]
[BlackFideId "10306510"]
[WhiteElo "2291"]
[BlackElo "1797"]

1. d4 f5 2. c4 e6 3. Nc3 Nf6 4.
g3 Be7 5. Bg2 O-O 6. Nh3 d6 7. Nf4 c6 8. Nd3 Qc7 9. O-O e5 10. dxe5 dxe5 11. e4 a5 12. Qe2 fxe4 13. Nxe4 Bf5 14.
Bd2 Nbd7 15. Bc3 Rad8 16. Rad1 b5 17. cxb5 cxb5 18. Rc1 Nxe4 19. Bxe4 Qb6 20. Nxe5 Nxe5 21. Bxe5 Bc5 22. Bxf5 Rxf5 23.
Bf4 Rdf8 24. Rce1 g5 25. Be3 Bxe3 26. Qxe3 Qxe3 27. Rxe3 g4 28. Kg2 h5 29. Re2 Kg7 30. h3 Rh8 31.
hxg4 hxg4 32. Re4 Rg5 33. Rd1 Rc8 34. Rd2 Kg6 35. Rd6+ Kf7 36. Rd2 Kg6 37. Rde2 Rc6 38. Re6+ Rxe6 39.
Rxe6+ Kf5 40. Re3 Kf6 41. f3 Rc5 42. Re2 gxf3+ 43. Kxf3 Kg5 44. Rd2 Kf5 45. g4+ Kg5 46. Rh2 Kf6 47.
Rh5 Rc2 48. Rxb5 a4 49. a3 Rd2 50. Ke3 Rg2 51. g5+ Kg6 52. Kd3 Rg4 53. Kc3 Rh4 54. Rb4 Rh3+ 55. Kc4 Kxg5 56. Rxa4 Kf6 57.
Ra6+ Ke7 58. b4 Kd7 59. Ra5 Kc6 60. b5+ Kb7 61. Ra6 Rh4+ 62. Kc5 Rh5+ 63. Kb4 Rf5 64. Rg6 Rf4+ 65. Ka5 Rf5 66.
Rg7+ 1-0

[Event "Rapid Tournament (RAP)"]
[Site "Biel, Switzerland"]
[Date "2026.07.12"]
[Round "1.19"]
[White "Shukhman, Anna"]
[Black "Paholok, Igor"]
[Result "1-0"]
[TimeControl "15 + 5"]
[WhiteTitle "-"]
[BlackTitle "-"]
[WhiteFideId "54180058"]
[BlackFideId "1338951"]
[WhiteElo "2272"]
[BlackElo "1784"]

1. e4 e6 2. d4 d5 3. Nc3 Bb4 4. e5 b6 5. a3 Bf8 6. f4 Ba6 7. Bxa6 Nxa6 8. Nf3 c5 9. f5 exf5 10. Qd3 Nc7 11. Qxf5 Ne6 12. O-O Ne7 13.
Qh5 Ng6 14. Ng5 Nxg5 15. Bxg5 Be7 16. Bxe7 Qxe7 17. Nxd5 Qd7 18. c4 cxd4 19. Rad1 O-O 20. Rxd4 Qc6 21. Kh1 Qc5 22. Re4 b5 23.
b3 bxc4 24. bxc4 Qxa3 25. Re3 Qc5 26. Rh3 h6 27. Nf6+ gxf6 28. Qxh6 Rfb8 29. exf6 Qxc4 30. Qg7# 1-0

[Event "Rapid Tournament (RAP)"]
[Site "Biel, Switzerland"]
[Date "2026.07.12"]
[Round "1.20"]
[White "Grimaldi, Francois-Xavier"]
[Black "Dong, Hongfu"]
[Result "0-1"]
[TimeControl "15 + 5"]
[WhiteTitle "-"]
[BlackTitle "-"]
[WhiteFideId "1367706"]
[BlackFideId "8626960"]
[WhiteElo "1783"]
[BlackElo "2271"]

1. e4 c5 2. Nf3 d6 3. Bb5+ Bd7 4. Bxd7+ Qxd7 5. O-O Nf6 6. Qe2 Nc6 7. c3 e6 8. d4 d5 9. exd5 Qxd5 10.
Rd1 cxd4 11. cxd4 Be7 12. Nc3 Qh5 13. d5 exd5 14. Qb5 O-O 15. Nxd5 Rad8 16. Nxe7+ Nxe7 17. Qe2 Ned5 18. Bg5 h6 19. Bxf6 Nxf6 20. Rxd8 Rxd8 21. Rd1 Re8 22. Qd2 Qb5 23. Qc3 Ne4 24. Qd4 Nf6 25.
Qc3 Qb6 26. Qd4 Qb5 27. Qc3 Qa4 28.
b3 Qxa2 29. h3 Qxf2+ 30. Kxf2 Ne4+ 31. Kg1 Nxc3 32. Rd7 Rb8 33. Ne5 f6 34. Nc4 Ne4 35. Re7 f5 36. g4 Kf8 37. Rc7 fxg4 38. hxg4 Nf6 39. Ne5 Kg8 40. Kg2 Re8 41. Nd7 Nxg4 42. Rxb7 a5 43. Ra7 Re3 44.
Rxa5 Rxb3 45. Ne5 Nxe5 46. Rxe5 Kf7 47. Rc5 g5 48.
Rc6 Kg7 49. Ra6 h5 50. Rc6 h4 51.
Rd6 Re3 52. Kf2 Ra3 53. Rc6 Kf7 54. Rd6 Ra4 55. Rb6 Rf4+ 56. Kg2 Rf6 57. Rb5 Kg6 58. Rc5 Kh5 59.
Rb5 Kg4 60. Rb4+ Rf4 61. Rb3 Ra4 0-1

[Event "Rapid Tournament (RAP)"]
[Site "Biel, Switzerland"]
[Date "2026.07.12"]
[Round "1.21"]
[White "Cao, Qingfeng"]
[Black "Schmied, Stefan"]
[Result "1-0"]
[TimeControl "15 + 5"]
[WhiteTitle "-"]
[BlackTitle "-"]
[WhiteFideId "8627568"]
[BlackFideId "1335804"]
[WhiteElo "2265"]
[BlackElo "1778"]

1. d4 d5 2. c4 c6 3. cxd5 cxd5 4. Bf4 Nc6 5. e3 a6 6. Bd3 Nf6 7. Nc3 g6 8. Nf3 Bg7 9. h3 Bf5 10. O-O Bxd3 11. Qxd3 O-O 12.
Rac1 Rc8 13. Na4 Nd7 14. Qb3 e5 15. dxe5 Ndxe5 16. Nxe5 Nxe5 17. Rxc8 Qxc8 18. Nb6 Qe6 19. Nxd5 b5 20.
Bxe5 Bxe5 21. Rd1 Rc8 22. e4 Kg7 23. f4 Bb8 24. e5 Rc4 25. Kh1 h5 26. Qg3 Ba7 27. Nf6 Rd4 28. Nxh5+ Kh6 29.
Qg5+ Kh7 30. Nf6+ Kg7 31. Rf1 Rd2 32. Ng4 Kf8 33. f5 gxf5 34. Qxd2 1-0

[Event "Rapid Tournament (RAP)"]
[Site "Biel, Switzerland"]
[Date "2026.07.12"]
[Round "1.22"]
[White "Pinelli, Gian"]
[Black "Tureshbayev, Anuar"]
[Result "0-1"]
[TimeControl "15 + 5"]
[WhiteTitle "-"]
[BlackTitle "-"]
[WhiteFideId "1348710"]
[BlackFideId "651081709"]
[WhiteElo "1774"]
[BlackElo "2246"]

1. d4 Nf6 2. c4 e6 3. Nc3 Bb4 4. Qc2 d5 5. a3 Bxc3+ 6.
Qxc3 c5 7. dxc5 d4 8. Qc2 Nc6 9. e3 e5 10.
Bd3 O-O 11. Ne2 Qa5+ 12. Bd2 Qxc5 13. b4 Qe7 14. Ng3 dxe3 15. Bxe3 Nd4 16. Bxd4 exd4+ 17. Qe2 Qd6 18. O-O Re8 19.
Qd2 b6 20. Rfe1 Be6 21. Rac1 a5 22. Nf5 Bxf5 23. Bxf5 axb4 24. axb4 g6 25. Bd3 Ng4 26. g3 Ne5 27. Be4 Rac8 28.
Red1 Red8 29. Qa2 Qxb4 30. Bd5 Qc5 31. Qb2 b5 32. Qxd4 Nf3+ 0-1

[Event "Rapid Tournament (RAP)"]
[Site "Biel, Switzerland"]
[Date "2026.07.12"]
[Round "1.23"]
[White "Haimovich, Tal"]
[Black "Belmadani, Naim"]
[Result "1-0"]
[TimeControl "15 + 5"]
[WhiteTitle "-"]
[BlackTitle "-"]
[WhiteFideId "2801698"]
[BlackFideId "1354302"]
[WhiteElo "2245"]
[BlackElo "1758"]

1. Nf3 Nf6 2. b3 g6 3. Bb2 Bg7 4. c4 O-O 5. e3 d5 6. cxd5 Nxd5 7. Bxg7 Kxg7 8. h4 Bg4 9. Be2 Nd7 10.
Qc1 e6 11. Nc3 c6 12. Ne4 N7f6 13. Qb2 Nb4 14. a3 Nc2+ 15. Qxc2 Nxe4 16. Qxe4 Bf5 17. Qf4 Qe7 18. g4 Bc2 19.
Qc4 1-0

[Event "Rapid Tournament (RAP)"]
[Site "Biel, Switzerland"]
[Date "2026.07.12"]
[Round "1.24"]
[White "Martin, Gerome"]
[Black "Gautier, Anand"]
[Result "0-1"]
[TimeControl "15 + 5"]
[WhiteTitle "-"]
[BlackTitle "-"]
[WhiteFideId "1360817"]
[BlackFideId "26010186"]
[WhiteElo "1757"]
[BlackElo "2223"]

1. e4 c5 2. Nf3 d6 3. Nc3 Nf6 4. d4 cxd4 5. Nxd4 a6 6. Bc4 e6 7. O-O Be7 8. Be3 O-O 9. f4 b5 10.
Bd3 Bb7 11. e5 dxe5 12. fxe5 Nd5 13. Bd2 Bc5 14. Qg4 Nc6 15. Nce2 Ndb4 16. Bxb4 Nxb4 17. Be4 Bxd4+ 18. Kh1 Bxe4 19.
Qxe4 Bc5 20. Rf3 Qd5 21. Qf4 Nxc2 22. Nc3 Qd4 23. Qxd4 Bxd4 24. Rc1 Bxc3 25. Rxc3 Nb4 26. a3 Na2 0-1

[Event "Rapid Tournament (RAP)"]
[Site "Biel, Switzerland"]
[Date "2026.07.12"]
[Round "1.25"]
[White "Manko, Mariia"]
[Black "Gheorghiu, Harry"]
[Result "1-0"]
[TimeControl "15 + 5"]
[WhiteTitle "-"]
[BlackTitle "-"]
[WhiteFideId "14199220"]
[BlackFideId "1248839"]
[WhiteElo "2210"]
[BlackElo "1751"]

1. d4 c5 2. d5 Nf6 3. c4 d6 4. Nc3 g6 5. e4 Bg7 6. Be2 Na6 7. Be3 Qa5 8. Bd2 Bd7 9. f4 h5 10.
Nf3 Ng4 11. h3 Nh6 12. O-O O-O-O 13. Nb5 Qb6 14. a4 Nb4 15. a5 Qa6 16. Qb3 Kb8 17. Bxb4 cxb4 18. Qxb4 Rc8 19. Rfc1 Rc5 20.
Qa4 Rhc8 21. Rcb1 Ng8 22. Nd2 Bd4+ 23. Kh1 Nf6 24. Ra3 e5 25. dxe6 fxe6 26. Nb3 e5 27. Nxc5 Bxc5 28. b4 Bd4 29. Qd1 Nxe4 30. Kh2 Nc3 31.
Nxc3 Bxc3 32. Rxc3 exf4 33. c5 Bb5 34. Bxb5 Qxb5 35. Qxd6+ Ka8 36. Qxf4 Qe2 37. Re3 Qc2 38. Rbe1 a6 39. Re8 Rxe8 40. Rxe8+ Ka7 41. Qb8# 1-0

[Event "Rapid Tournament (RAP)"]
[Site "Biel, Switzerland"]
[Date "2026.07.12"]
[Round "1.26"]
[White "Boyer, Jean-Francois"]
[Black "Frey, Fabian"]
[Result "0-1"]
[TimeControl "15 + 5"]
[WhiteTitle "-"]
[BlackTitle "-"]
[WhiteFideId "650226"]
[BlackFideId "1336487"]
[WhiteElo "1749"]
[BlackElo "2207"]

1. e4 c5 2. Nf3 d6 3. d4 cxd4 4. Nxd4 Nf6 5. Nc3 a6 6. Bg5 e6 7. Qd2 Be7 8. O-O-O b5 9. f4 Bb7 10.
e5 Nd5 11. Nxd5 Bxg5 12. fxg5 Bxd5 13. exd6 Qxd6 14. Nf5 Qe5 15. Bd3 O-O 16. Ne7+ Kh8 17. Rde1 Qc7 18. Nxd5 exd5 19. Re3 Nc6 20. Rf1 Rae8 21. Qe2 Rxe3 22.
Qxe3 Nb4 23. Kb1 Kg8 24.
h4 Qc8 25. Bf5 Qc4 26. Rf4 Qxa2+ 27. Kc1 Qa1+ 28. Kd2 Qxb2 29. h5 Na2 30. Ke2 Nc3+ 31. Kd3 Ne4 32. Bxe4 dxe4+ 33. Rxe4 Qa3+ 34. Ke2 Qd6 35. Rd4 Qc6 36.
Kf2 0-1

[Event "Rapid Tournament (RAP)"]
[Site "Biel, Switzerland"]
[Date "2026.07.12"]
[Round "1.27"]
[White "Rohrer, Christophe"]
[Black "Schneggenburger, Miguel"]
[Result "1-0"]
[TimeControl "15 + 5"]
[WhiteTitle "-"]
[BlackTitle "-"]
[WhiteFideId "1326546"]
[BlackFideId "1361279"]
[WhiteElo "2202"]
[BlackElo "1742"]

1. e4 e6 2. d4 d5 3. Nd2 dxe4 4. Nxe4 Nd7 5. Nf3 Ngf6 6. Nxf6+ Nxf6 7. Bg5 Be7 8. Bc4 O-O 9. O-O h6 10.
Bh4 b6 11. Qe2 c5 12. Rad1 Qc7 13. Ne5 Bb7 14. Rfe1 Rac8 15. Ng6 cxd4 16. Nxe7+ Qxe7 17. Rxd4 Qc5 18. Qe5 Qc6 19. f3 Nd7 20.
Qe3 Nc5 21. Rg4 f5 22. Rg6 f4 23. Qe5 1-0

[Event "Rapid Tournament (RAP)"]
[Site "Biel, Switzerland"]
[Date "2026.07.12"]
[Round "1.28"]
[White "Hardt, Winfried"]
[Black "Fernandes Barbosa Dos Santos, Gabriel"]
[Result "0-1"]
[TimeControl "15 + 5"]
[WhiteTitle "-"]
[BlackTitle "-"]
[WhiteFideId "1309293"]
[BlackFideId "1354388"]
[WhiteElo "1738"]
[BlackElo "2199"]

1. e4 e5 2. Nf3 Nc6 3. d4 exd4 4. Nxd4 Qf6 5. c3 Bc5 6. Be3 Qg6 7. Nd2 Nge7 8. Qe2 O-O 9. O-O-O d5 10. Nxc6 Qxc6 11. Bxc5 Qxc5 12.
Kb1 dxe4 13. Nxe4 Bf5 14. Ka1 Qc6 15. Ng3 Be6 16. Qc2 Rfd8 17. Bd3 h6 18. f3 Nd5 19. Ne2 Ne3 20. Qc1 Nxd1 21.
Rxd1 Rxd3 22. Rxd3 Qc4 23. Qb1 Bf5 24. Nc1 Bxd3 25. Nxd3 Rd8 26. Ne5 Qe2 0-1

[Event "Rapid Tournament (RAP)"]
[Site "Biel, Switzerland"]
[Date "2026.07.12"]
[Round "1.30"]
[White "Zumbrunn, Simon"]
[Black "Kukushkin, Ivan"]
[Result "0-1"]
[TimeControl "15 + 5"]
[WhiteTitle "-"]
[BlackTitle "-"]
[WhiteFideId "1364146"]
[BlackFideId "11634103"]
[WhiteElo "1727"]
[BlackElo "2186"]

1. e4 c5 2. d4 cxd4 3. c3 dxc3 4. Nxc3 Nc6 5. Nf3 a6 6.
Bc4 e6 7. O-O d6 8. Qe2 b5 9. Bb3 Bb7 10. Rd1 b4 11. Na4 Qa5 12. Be3 Nf6 13. Nb6 Rd8 14. Nc4 Qb5 15. Bf4 Be7 16.
Qc2 O-O 17. Bxd6 Qh5 18. Bg3 Na7 19. Nfd2 Nb5 20. f3 Nd4 21. Qd3 Bc5 22. Kh1 Nf5 23. Bd6 Rxd6 0-1

[Event "Rapid Tournament (RAP)"]
[Site "Biel, Switzerland"]
[Date "2026.07.12"]
[Round "1.31"]
[White "Gluckman, David"]
[Black "Chu, Wa Ching David"]
[Result "0-1"]
[TimeControl "15 + 5"]
[WhiteTitle "-"]
[BlackTitle "-"]
[WhiteFideId "14300010"]
[BlackFideId "6013180"]
[WhiteElo "2161"]
[BlackElo "1723"]

1. d4 d5 2. Nf3 Nf6 3. c4 e6 4.
g3 Be7 5. Bg2 O-O 6. O-O dxc4 7.
Qa4 c6 8. Qxc4 b5 9. Qc2 Bb7 10. Nbd2 Nbd7 11. Nb3 Qb6 12. Bf4 Rac8 13. Rac1 c5 14. dxc5 Nxc5 15. Nxc5 Bxc5 16. Qb1 Be4 17. Qa1 Rfd8 18. e3 Qb7 19. Ne1 Bb4 20. Bxe4 Nxe4 21. Nf3 h6 22. Rxc8 Rxc8 23. Be5 f6 24.
a3 Be7 25. Qa2 Nc5 26. b4 Kf7 27. bxc5 Qxf3 28. Bd6 Bxd6 29. cxd6 Qd5 30.
Qxd5 exd5 31. Rb1 Rc5 32. a4 a6 33. axb5 axb5 34. Ra1 Ke6 35. Ra7 Kxd6 36. Rxg7 b4 37. Rb7 Rc4 38. Rb6+ Kc5 39. Rxf6 b3 40.
Rf8 b2 41. Rc8+ Kb4 42. Rb8+ Kc3 43. Rxb2 Kxb2 44. Kg2 Kc3 45.
Kf3 Kd3 46. g4 Re4 47. h4 d4 48. exd4 Kxd4 49. g5 hxg5 50. hxg5 Ke5 0-1